Map: Lightshade LE

Players

LiquidClem (Clem) - Winner!

  • Race: Terran Terran
  • League: Bronze

HAS

  • Race: Protoss Protoss

Event: TSL 7

VOD

Have the link to the VOD?

Description

Time

  • Played on: June 12, 2021, 11:06 a.m.
  • Length: 8:09

All games in this series

Show
View Real Time Build Order
Export as new Build Order

LiquidClem Terran - Winner!

Build Orders:  

Get SALT Encoding   

  12  0:00  SCV  
  13  0:12  SCV  
  14  0:17  Supply Depot  
  14  0:24  SCV  
  15  0:39  SCV  
  15  0:40  Barracks  
  16  0:43  Refinery  
  16  0:51  SCV  
  17  1:03  SCV  
  18  1:15  SCV  
  19  1:27  Orbital Command, Marine  
  20  1:44  Command Center  
  20  1:46  Barracks Reactor  
  20  1:53  SCV  
  21  1:56  Supply Depot  
  21  2:05  SCV  
  22  2:09  Barracks  
  22  2:17  SCV  
  22  2:22  Marine x2  
  25  2:25  Barracks  
  25  2:31  SCV  
  26  2:39  Marine x2  
  26  2:43  SCV  
  29  2:55  SCV  
  29  2:56  Orbital Command  
  29  2:57  Barracks Tech Lab  
  30  2:58  Marine  
  30  2:59  Marine  
  32  3:07  SCV  
  33  3:13  Barracks Tech Lab  
  33  3:16  Marine  
  33  3:17  Marine x2, Supply Depot  
  33  3:19  SCV  
  29  3:20  Stimpack  
  37  3:22  SCV  
  37  3:26  Engineering Bay  
  38  3:32  SCV  
  38  3:33  Combat Shield  
  39  3:34  SCV  
  39  3:37  Marauder  
  39  3:40  Marine  
  39  3:41  Marine  
  42  3:44  SCV  
  42  3:45  Marauder  
  42  3:47  SCV  
  45  3:56  SCV, Missile Turret  
  45  4:00  Marine x2, Supply Depot  
  45  4:01  SCV  
  49  4:03  Marine  
  49  4:08  SCV  
  49  4:09  Marauder  
  52  4:13  SCV, Supply Depot  
  51  4:18  Refinery, Marine  
  51  4:19  Marine  
  51  4:20  SCV  
  54  4:27  Marauder  
  54  4:30  SCV, Supply Depot  
  54  4:31  Marauder  
  59  4:32  SCV  
  59  4:35  Refinery  
  59  4:37  Marine  
  59  4:38  Marine  
  62  4:42  SCV  
  62  4:45  Terran Infantry Weapons Level 1  
  61  4:47  Supply Depot  
  61  4:48  Marine  
  61  4:51  SCV  
  61  4:52  Marine  
  64  4:55  Marine  
  64  4:59  Marine  
  65  5:00  SCV  
  65  5:06  Marauder  
  68  5:09  Marine  
  68  5:17  SCV x2, Marine x2  
  68  5:18  Factory  
  68  5:21  Concussive Shells  
  70  5:22  Refinery  
  70  5:26  Supply Depot  
  70  5:28  Marauder  
  72  5:29  SCV  
  72  5:31  Marauder, Supply Depot  
  72  5:33  SCV  
  72  5:35  Marine x2  
  76  5:40  Supply Depot  
  76  5:41  Missile Turret  
  77  5:50  SCV  
  77  5:51  Marauder  
  77  5:53  Marine x2  
  77  5:54  Marauder  
  84  6:02  Starport  
  84  6:03  Factory Reactor  
  83  6:13  Marauder, Marine x2  
  83  6:14  Supply Depot  
  83  6:15  Marauder  
  88  6:19  SCV x2  
  87  6:32  Command Center  
  87  6:33  Marine x2  
  87  6:34  Marauder  
  85  6:46  Marine  
  82  6:49  Barracks x2  
  82  6:53  Factory Reactor  
  81  6:55  Marauder, Marine, Medivac x2  
  81  6:59  Marine  
  88  7:03  Supply Depot  
  88  7:06  Supply Depot  
  88  7:07  SCV  
  88  7:08  SCV  
  85  7:15  Marine x2  
  82  7:17  Marauder  
  82  7:19  Marine  
  86  7:26  SCV  
  86  7:27  SCV  
  85  7:30  Widow Mine  
  85  7:31  Widow Mine  
  85  7:33  Marine  
  85  7:34  Marauder, Medivac  
  93  7:39  Barracks Tech Lab, Marine  
  93  7:40  Marauder  
  96  7:48  SCV  
  96  8:00  Barracks Reactor  
Show
View Real Time Build Order
Export as new Build Order

HAS Protoss 

Build Orders: 1 Gate Expand, Blink Stalkers, Dark Templar Rush 

Get SALT Encoding   

  12  0:00  Probe  
  13  0:12  Probe  
  14  0:17  Pylon  
  14  0:24  Probe (Chrono Boost)  
  16  0:35  Gateway  
  16  0:36  Probe (Chrono Boost)  
  16  0:41  Probe (Chrono Boost)  
  17  0:52  Probe  
  17  0:54  Assimilator  
  18  1:04  Probe  
  19  1:16  Probe  
  20  1:20  Nexus  
  20  1:30  Cybernetics Core  
  20  1:35  Probe  
  21  1:40  Assimilator  
  21  1:47  Probe  
  21  1:51  Pylon  
  21  1:59  Probe  
  22  2:07  Adept (Chrono Boost), Warp Gate  
  22  2:11  Probe  
  25  2:20  Twilight Council  
  25  2:23  Probe (Chrono Boost)  
  26  2:30  Stalker  
  26  2:33  Probe (Chrono Boost)  
  26  2:36  Probe (Chrono Boost)  
  30  2:42  Probe (Chrono Boost)  
  30  2:43  Probe (Chrono Boost)  
  32  2:47  Probe (Chrono Boost)  
  32  2:50  Probe  
  34  2:59  Probe  
  34  3:02  Probe  
  34  3:04  Dark Shrine  
  36  3:09  Gateway  
  36  3:11  Probe  
  37  3:14  Stalker  
  37  3:15  Probe  
  40  3:22  Gateway  
  40  3:25  Probe  
  41  3:30  Probe  
  41  3:33  Pylon  
  42  3:39  Probe  
  43  3:43  Blink (Chrono Boost)  
  43  3:50  Probe  
  43  3:53  Probe, Pylon  
  45  4:02  Probe  
  46  4:03  Shield Battery  
  46  4:08  Probe  
  45  4:18  Dark Templar  
  45  4:20  Probe  
  45  4:22  Dark Templar  
  50  4:27  Probe  
  50  4:29  Pylon  
  49  4:33  Assimilator  
  49  4:35  Shield Battery  
  49  4:36  Shield Battery  
  49  4:37  Probe  
  48  4:39  Assimilator  
  48  4:44  Dark Templar  
  48  4:53  Stalker  
  50  5:08  Stalker  
  48  5:16  Zealot x2  
  48  5:18  Probe x2  
  52  5:24  Forge x2  
  52  5:30  Probe x2  
  52  5:31  Pylon  
  52  5:32  Dark Templar  
  52  5:33  Charge (Chrono Boost)  
  52  5:34  Nexus  
  56  5:35  Pylon  
  56  5:40  Stalker  
  56  5:41  Zealot  
  60  5:44  Probe x2  
  62  5:50  Pylon  
  62  5:54  Gateway  
  62  5:55  Gateway  
  62  5:58  Protoss Ground Weapons Level 1, Protoss Ground Armor Level 1  
  62  6:01  Gateway  
  62  6:02  Probe  
  62  6:04  Gateway  
  62  6:07  Probe  
  63  6:15  Stalker x2  
  67  6:22  Stalker  
  67  6:38  Zealot  
  61  6:45  Probe  
  53  6:47  Dark Templar  
  53  6:51  Probe  
  53  6:53  Dark Templar  
  48  6:55  Zealot x2  
  48  6:57  Probe  
  48  6:59  Dark Templar  
  49  7:01  Zealot  
  49  7:03  Probe  
  41  7:09  Probe  
  41  7:12  Zealot  
  41  7:15  Probe  
  44  7:18  Zealot  
  44  7:19  Zealot  
  44  7:21  Probe  
  49  7:25  Dark Templar  
  49  7:27  Probe  
  49  7:28  Probe  
  53  7:31  Zealot x2  
  57  7:40  Dark Templar  
  57  7:42  Zealot x3  
  61  7:44  Probe  
  61  7:45  Probe  
  61  7:48  Probe  
  52  7:53  Dark Templar  
Tags
 
Add a new tag
Caveats
  • Supply blocks, unpowered buildings, or Contaminate may cause inaccurate times.
  • Supply counts are checked every 10 seconds.